 Dungeon Crawl Stone Soup version 0.27.1-34-g3ba077fa99 (webtiles) character file.

Game seed: 8019400723016294473

40365 dnasty the Eclecticist (level 13, -7/76 HPs)
             Began as a Deep Elf Conjurer on Jan 15, 2022.
             Was a High Priest of Vehumet.
             Mangled by a hornet (13 damage)
             ... on level 6 of the Lair of Beasts.
             The game lasted 00:29:31 (20268 turns).

dnasty the Eclecticist (Deep Elf Conjurer)         Turns: 20268, Time: 00:29:32

Health: -7/76      AC:  8    Str:  4    XL:     13   Next: 74%
Magic:  31/37      EV: 12    Int: 29    God:    Vehumet [*****.]
Gold:   738        SH:  0    Dex: 13    Spells: 10/49 levels left

rFire    . . .     SeeInvis .   j - +1 short sword (speed)
rCold    . . .     Faith    .   (no shield)
rNeg     . . .     Spirit   .   a - +2 robe
rPois    +         Reflect  .   (no helmet)
rElec    .         Harm     .   (no cloak)
rCorr    .         Rampage  .   (no gloves)
Will     +....                  (no boots)
Stlth    ++........             y - amulet of magic regeneration
HPRegen  0.22/turn              p - ring of poison resistance
MPRegen  0.50/turn              J - +4 ring of protection

@: lethally poisoned (-7 -> -10), slowed, very slow
A: no striking features
a: Renounce Religion


You were on level 6 of the Lair of Beasts.
You worshipped Vehumet.
Vehumet was extremely pleased with you.
You visited 3 branches of the dungeon, and saw 17 of its levels.

You collected 1018 gold pieces.
You spent 280 gold pieces at shops.

Inventory:

Hand Weapons
 g - a +0 short sword of draining
 j - a +1 short sword of speed (weapon)
 G - the +6 arbalest "Damnation" {damnation}
   (You found it on level 2 of the Lair of Beasts)

   Any ammunition fired from it explodes in a burst of damnation on striking a
   foe, dealing damage which bypasses armour.
Armour
 a - a +2 robe (worn)
 M - a +2 leather armour of poison resistance
Jewellery
 f - a ring of positive energy
 k - a ring of see invisible
 n - a ring of willpower
 p - a ring of poison resistance (left hand)
 w - a +6 ring of intelligence
 x - an amulet of regeneration
 y - an amulet of magic regeneration (around neck)
 I - a ring of protection from cold
 J - a +4 ring of protection (right hand)
 K - a +4 ring of protection
 O - a ring of protection from fire
 P - a ring of ice
Wands
 e - a wand of acid (13)
 s - a wand of mindburst (17)
 t - a wand of digging (5)
 B - a wand of flame (33)
 D - a wand of iceblast (16)
 L - a wand of polymorph (12)
Scrolls
 b - 6 scrolls of amnesia
 c - 4 scrolls of immolation
 i - 6 scrolls of teleportation
 l - 7 scrolls of fog
 q - 6 scrolls of magic mapping
 u - 4 scrolls of blinking
 v - 2 scrolls of enchant weapon {unknown}
 C - 9 scrolls of identify
 F - 2 scrolls of acquirement {unknown}
 H - 2 scrolls of silence {unknown}
Potions
 d - 6 potions of lignification
 h - 9 potions of curing
 m - 3 potions of mutation {unknown}
 o - 4 potions of heal wounds {unknown}
 r - 2 potions of brilliance {unknown}
 z - 4 potions of ambrosia
 A - 3 potions of flight {unknown}
 E - 2 potions of degeneration {unknown}
 N - 2 potions of attraction {unknown}
 Q - a potion of haste {unknown}


   Skills:
 + Level 6.7 Fighting
 - Level 2.4 Dodging
 - Level 2.4 Stealth
 + Level 18.9 Spellcasting
 + Level 13.9 Conjurations
 + Level 10.8 Air Magic


You had 10 spell levels left.
You knew the following spells:

 Your Spells              Type           Power      Damage    Failure   Level
a - Magic Dart            Conj           100%       1d8       0%          1
b - Searing Ray           Conj           100%       3d7       0%          2
c - Fulminant Prism       Conj/Hex       30%        3d16      1%          4
d - Iskenderun's Mystic   Conj/Tloc      61%        2d13      1%          4
e - Lightning Bolt        Conj/Air       39%        1d57      1%          5
f - Vampiric Draining     Necr           13%        2d7       4%          3
g - Iskenderun's Battles  Conj           83%        2d13      1%          5
h - Maxwell's Capacitive  Air            37%        ∞         28%         8
i - Orb of Destruction    Conj           41%        9d14      1%          7

Your spell library contained the following spells:

 Spells                   Type           Power      Damage    Failure   Level
 Static Discharge         Conj/Air       78%        N/A       0%          2
 Foxfire                  Conj/Fire      100%       2x1d9     1%          1
 Freeze                   Ice            100%       1d11      1%          1
 Conjure Flame            Conj/Fire      61%        6-21      1%          3
 Dazzling Flash           Conj/Hex       100%       N/A       1%          3
 Frozen Ramparts          Ice            54%        1d7       1%          3
 Inner Flame              Hex/Fire       27%        N/A       1%          3
 Swiftness                Air            74%        N/A       1%          3
 Hailstorm                Conj/Ice       61%        3d13      1%          4
 Sticky Flame             Conj/Fire      61%        2d8       1%          4
 Passwall                 Tmut/Erth      22%        N/A       2%          2
 Slow                     Hex            27%        N/A       2%          2
 Iron Shot                Conj/Erth      30%        9d6       3%          6
 Confusing Touch          Hex            27%        N/A       4%          3
 Silence                  Hex/Air        28%        N/A       4%          5
 Cause Fear               Hex            13%        N/A       16%         4
 Dispel Undead            Necr           27%        3d13      16%         4
 Spellforged Servitor     Conj/Summ      30%        N/A       19%         7
 Agony                    Necr           27%        N/A       38%         5
 Invisibility             Hex            13%        N/A       93%         6
 Discord                  Hex            13%        N/A       100%        8


Dungeon Overview and Level Annotations

Branches:
Dungeon (11/15)            Temple (1/1) D:6            Lair (6/6) D:11
 Shoals (0/4) Lair:3       Spider (0/4) Lair:4        Slime (0/5) Lair:5
    Orc (0/2) D:11

Altars:
Ashenzari
Cheibriados
Dithmenos
Elyvilon
Fedhas
Gozag
Hepliaklqana
Kikubaaqudgha
Makhleb
Nemelex Xobeh
Qazlal
Ru
Sif Muna
Trog
Uskayaw
Vehumet
Wu Jian
Xom
Yredelemnul
Zin
The Shining One

Shops:
D:2 *   D:5 [   D:10 ?

Annotations:
Lair:2 2 transporters, Bajosicy's ghost, journeyman HuHu


Message History

Unknown command.
Unknown command.
Unknown command.
A hydra and a death yak come into view.
You feel very sick.
The eight-headed hydra roars!
You hear an angry hiss.
A nearby plant withers and dies.
The wolf bites you but does no damage.
A spriggan comes into view. It is wielding a +0 short sword.
An elephant comes into view.
The elephant closely misses you.
The elephant trunk-slaps you but does no damage.
The elephant tramples you!
You stumble backwards!
The spriggan hits you with a +0 rapier!
* * * LOW HITPOINT WARNING * * *
The elephant barely misses you.
The elephant trunk-slaps you but does no damage.
The spriggan moves out of view.
The elephant trumpets!
Unknown command.
Casting: Lightning Bolt (safe; 1% risk of failure)
Confirm with . or Enter, or press ? or * to list all spells.
Aiming: Lightning Bolt (safe; 1% risk of failure)
Press: ? - help, Shift-Dir - straight line, f/p - elephant
Aim: an elephant (heavily wounded, 100% to hit)
You hear a mighty clap of thunder!
The bolt of lightning hits the elephant!!!
You kill the elephant!
Vehumet accepts your kill.
The catoblepas bellows!
You feel sick.
You hear a bellow! x2; You hear an angry hiss.
You hear a loud, deep croak!
You hear a bleat! x2; You hear an angry growl.
You hear a howl! x2
You hear an angry hiss. x2; You hear an angry growl.
The wolf bites you.
* * * LOW HITPOINT WARNING * * *
The hornet stings you but does no damage.
The elephant tramples you.
* * * LOW HITPOINT WARNING * * *
You stumble backwards!
Found 19 gold pieces.
The hornet stings you!
You die...

..+..... #D. #.....#
.#Y# . #...i. ###
...#
....#...####.##..#
..........##.P...###
....................
............h.......
...........iYyh.....
..###......Y@....Y..
. #.<....P..#.#...
#......##Y.#..P.
....^.P.# ...##..
......... ...# .
.....# .... .....
.##.# $... ## ##


You could see a death yak, a catoblepas, 3 elephants, a spriggan rider, a
hornet, a spriggan and 2 wolves.

Vanquished Creatures
  4 hydras
  3 two-headed ogres
  2 boulder beetles
  2 death yaks
  A fire crab (Lair:6)
  An orb spider (Lair:4)
  6 oklob plants
  A manticore (D:11)
  A cyclops (D:11)
  2 ugly things (D:11)
  An elephant (Lair:6)
  A centaur zombie (D:11)
  2 black mambas (Lair:4)
  10 cane toads
  2 kobold demonologists (D:9)
  5 rime drakes
  A freezing wraith (D:9)
  4 komodo dragons
  A queen bee (Lair:2)
  2 trolls
  3 hornets
  A polar bear (Lair:6)
  11 blink frogs (Lair:4)
  6 spriggans (Lair:6)
  A shadow (D:11)
  46 yaks
  4 basilisks
  A wraith (D:10)
  A vampire (D:10)
  12 water moccasins
  2 ice beasts
  3 orc warriors (D:8)
  4 black bears
  3 ogres
  A boggart (Lair:6)
  A necrophage (D:6)
  16 wolves
  6 centaurs
  20 kobold brigands
  12 bullfrogs
  7 scorpions
  35 killer bees
  6 wights
  A howler monkey (D:8)
  An electric eel (D:9)
  2 bullfrog zombies (D:5)
  2 hounds
  5 orc priests (D:8)
  2 centaur skeletons
  8 jellies
  A bullfrog skeleton (D:6)
  2 iguanas
  8 orc wizards
  A centaur simulacrum (D:9)
  A howler monkey zombie (D:7)
  4 gnolls (D:4)
  3 adders
  2 howler monkey simulacra (D:9)
  3 ufetubi
  An adder zombie (D:5)
  2 dart slugs
  A worm (D:4)
  19 orcs
  4 bats
  3 endoplasms (D:1)
  5 giant cockroaches
  3 goblins
  3 hobgoblins
  2 jackals (D:1)
  31 kobolds
  2 quokkas
  8 ball pythons
  A frilled lizard (D:1)
  6 rats
391 creatures vanquished.

Vanquished Creatures (others)
  26 fulminant prisms
  53 fungi
  59 plants
  17 toadstools (Lair:1)
155 creatures vanquished.

Grand Total: 546 creatures vanquished

Notes
Turn   | Place    | Note
-------+----------+-------------------------------------------
     0 | D:1      | dnasty the Deep Elf Conjurer began the quest for the Orb.
     0 | D:1      | Reached XP level 1. HP: 10/10 MP: 6/6
   315 | D:1      | Reached XP level 2. HP: 15/15 MP: 4/8
   369 | D:1      | Learned a level 2 spell: Searing Ray
   664 | D:1      | Reached skill level 4 in Spellcasting
   724 | D:1      | Found a faded altar of an unknown god.
   966 | D:1      | Reached XP level 3. HP: 19/19 MP: 8/10
   967 | D:1      | Reached skill level 5 in Conjurations
  1417 | D:2      | Found a white marble altar of Elyvilon.
  1462 | D:2      | Found Tecziwk's General Store.
  1903 | D:2      | You fall into a shaft and drop 2 floors!
  1950 | D:4      | Reached skill level 5 in Spellcasting
  1950 | D:4      | Reached XP level 4. HP: 24/24 MP: 7/13
  2196 | D:4      | Reached XP level 5. HP: 25/28 MP: 8/15
  2202 | D:4      | Reached skill level 6 in Spellcasting
  2924 | D:4      | Noticed an ogre
  2933 | D:4      | Killed an ogre
  2934 | D:4      | Reached skill level 7 in Spellcasting
  2934 | D:4      | Reached XP level 6. HP: 32/32 MP: 11/18
  3481 | D:5      | Entered Level 5 of the Dungeon
  3532 | D:5      | Reached skill level 8 in Spellcasting
  3656 | D:5      | Reached XP level 7. HP: 36/36 MP: 14/20
  3840 | D:5      | Found a glowing golden altar of the Shining One.
  3840 | D:5      | Found an ornate altar of the Wu Jian Council.
  3841 | D:5      | Found a glowing silver altar of Zin.
  4092 | D:5      | Reached skill level 9 in Spellcasting
  4505 | D:5      | Found Coaskosi's Armour Shoppe.
  4539 | D:5      | Reached skill level 10 in Spellcasting
  4539 | D:5      | Reached XP level 8. HP: 41/41 MP: 16/24
  4889 | D:6      | Found a staircase to the Ecumenical Temple.
  5126 | D:6      | Reached skill level 11 in Spellcasting
  5778 | D:6      | Learned a level 4 spell: Fulminant Prism
  5783 | D:6      | Learned a level 4 spell: Iskenderun's Mystic Blast
  5789 | D:6      | Learned a level 5 spell: Lightning Bolt
  6017 | Temple   | Entered the Ecumenical Temple
  6022 | Temple   | Became a worshipper of Vehumet
  6300 | D:7      | Reached skill level 12 in Spellcasting
  6569 | D:7      | Reached skill level 1 in Air Magic
  6570 | D:7      | Reached XP level 9. HP: 45/45 MP: 21/27
  7182 | D:7      | Reached skill level 13 in Spellcasting
  8051 | D:8      | Reached * piety under Vehumet
  8051 | D:8      | Offered knowledge of Foxfire by Vehumet.
  8096 | D:8      | Noticed a +0 dagger
  8097 | D:8      | Noticed a +0 dagger
  8102 | D:8      | Found a hide-covered altar of Uskayaw.
  8492 | D:8      | Reached skill level 14 in Spellcasting
  8770 | D:8      | Reached XP level 10. HP: 50/50 MP: 23/30
  9169 | D:9      | Reached skill level 10 in Conjurations
  9178 | D:9      | Reached skill level 5 in Air Magic
  9406 | D:9      | Noticed a death yak
  9593 | D:9      | Reached skill level 15 in Spellcasting
  9620 | D:9      | Noticed a two-headed ogre
  9626 | D:9      | Killed a two-headed ogre
  9832 | D:9      | Killed a death yak
  9832 | D:9      | Reached ** piety under Vehumet
  9832 | D:9      | Offered knowledge of Poisonous Vapours by Vehumet.
  9837 | D:9      | Learned a level 3 spell: Vampiric Draining
  9920 | D:9      | Found a sacrificial altar of Ru.
 10062 | D:9      | Reached XP level 11. HP: 54/54 MP: 20/32
 10377 | D:9      | Reached skill level 16 in Spellcasting
 10383 | D:9      | Offered knowledge of Conjure Flame by Vehumet.
 10451 | D:9      | Found an opulent altar of Gozag.
 10939 | D:10     | Entered Level 10 of the Dungeon
 11096 | D:10     | Found Sionao's Magic Scroll Boutique.
 11113 | D:10     | Bought a scroll of teleportation for 48 gold pieces
 11113 | D:10     | Bought a scroll of teleportation for 48 gold pieces
 11113 | D:10     | Bought a scroll of enchant armour for 120 gold pieces
 11113 | D:10     | Bought a scroll of fog for 32 gold pieces
 11113 | D:10     | Bought a scroll of fog for 32 gold pieces
 11279 | D:10     | Noticed a two-headed ogre
 11281 | D:10     | Killed a two-headed ogre
 11586 | D:10     | Noticed a two-headed ogre
 11588 | D:10     | Killed a two-headed ogre
 11728 | D:11     | Found a staircase to the Lair.
 11728 | D:11     | Noticed an oklob plant
 11732 | D:11     | Killed an oklob plant
 11736 | D:11     | Reached *** piety under Vehumet
 11760 | D:11     | Reached skill level 1 in Fighting
 11762 | D:11     | Noticed a white ugly thing
 12106 | D:11     | Killed a white ugly thing
 12118 | D:11     | Noticed a boulder beetle
 12899 | D:11     | Killed a boulder beetle
 12900 | D:11     | Reached skill level 17 in Spellcasting
 13091 | D:11     | Noticed a white ugly thing
 13104 | D:11     | Killed a white ugly thing
 13291 | D:11     | Found a staircase to the Orcish Mines.
 13540 | Lair:1   | Entered Level 1 of the Lair of Beasts
 13621 | Lair:1   | Offered knowledge of Airstrike by Vehumet.
 13622 | Lair:1   | Reached XP level 12. HP: 51/64 MP: 3/35
 13812 | Lair:1   | Found a blossoming altar of Fedhas.
 13956 | Lair:1   | Noticed a seven-headed hydra
 13959 | Lair:1   | Noticed a five-headed hydra
 13966 | Lair:1   | Killed a seven-headed hydra
 13966 | Lair:1   | Killed a five-headed hydra
 15228 | Lair:2   | Reached **** piety under Vehumet
 15357 | Lair:2   | Offered knowledge of Iskenderun's Battlesphere by Vehumet.
 15552 | Lair:2   | Learned a level 5 spell: Iskenderun's Battlesphere
 15949 | Lair:2   | Found a transporter.
 15957 | Lair:2   | Noticed Bajosicy's ghost (journeyman HuHu)
 16084 | Lair:2   | Found a transporter.
 16108 | Lair:2   | Noticed an eight-headed hydra
 16110 | Lair:2   | Killed an eight-headed hydra
 16311 | Lair:2   | Found the +6 arbalest "Damnation" {damnation}
 16692 | Lair:3   | Noticed a boulder beetle
 16695 | Lair:3   | Killed a boulder beetle
 16699 | Lair:3   | Reached skill level 5 in Fighting
 16699 | Lair:3   | Reached skill level 18 in Spellcasting
 16918 | Lair:3   | Noticed a death yak
 16935 | Lair:3   | Killed a death yak
 17176 | Lair:3   | Found a staircase to the Shoals.
 17258 | Lair:3   | Reached XP level 13. HP: 72/72 MP: 20/37
 17371 | Lair:3   | Learned a level 8 spell: Maxwell's Capacitive Coupling
 18127 | Lair:4   | Reached skill level 10 in Air Magic
 18383 | Lair:4   | Found a hole to the Spider Nest.
 18408 | Lair:4   | Reached ***** piety under Vehumet
 18430 | Lair:4   | Offered knowledge of Orb of Destruction by Vehumet.
 18439 | Lair:4   | Learned a level 7 spell: Orb of Destruction
 19127 | Lair:5   | Found a staircase to the Slime Pits.
 19594 | Lair:5   | You fall into a shaft and drop 1 floor!
 19594 | Lair:6   | Entered Level 6 of the Lair of Beasts
 20268 | Lair:6   | Mangled by a hornet

Illustrated notes

Levels and vault maps discovered:
D:1:      elethiomel_arrival_infinity_welcomes_careful_drivers,
          layout_loops_ring, shapermc_ecumenical_altar_ellora
D:2:      layout_basic, basic_altar, serial_shops, shop, minmay_diced_spiral
D:4:      layout_loops_corners
D:5:      layout_loops_corners, gammafunk_temple_overflow_claw, serial_shops,
          kennysheep_little_box
D:6:      layout_basic, minmay_temple_entry_enclosed_plants
D:7:      layout_loops_corners, minmay_misc_feat_rugged
D:8:      layout_loops_corners, dancing_weapons_uskayaw, corexii_corridor_pit
D:9:      layout_roguey [special_room_kobold],
          nicolae_ru_great_annihilating_truth,
          nicolae_gozag_cash_rules_everything_around_me, serial_ice,
          serial_ice_c, serial_ice_e, serial_ice_m, serial_ice_i
D:10:     layout_stronghold, serial_shops, shop_fountains
D:11:     layout_small_grid, dpeg_oklobed_lair, orc_0_dummy
Temple:   minmay_freezing_vapour_temple
Lair:1:   layout_regular_city, minivault_11, minivault_26, tgw_fedhas
Lair:2:   layout_gridlike, special_room [special_room_bee],
          gammafunk_ghost_berserking_beasts, lemuel_fruit_fields
Lair:3:   layout_regular_city, shoals_dummy_entry, minmay_lair_oklob_chamber,
          serial_bayou_shore_b
Lair:4:   layout_cave_pods, nicolae_spider_entry_orb_guardian,
          grunt_megastairs_4
Lair:5:   layout_cellular_growth, minmay_slime_entry_pillars
Lair:6:   minmay_lair_end_enchanted_forest, layout_regular_city

Skill      XL: |  1  2  3  4  5  6  7  8  9 10 11 12 13 |
---------------+----------------------------------------+-----
Spellcasting   | 4 5 7 8 10 12 14 15 17 18 | 18.9
Conjurations   | 5 6 7 8 9 10 12 13 | 13.9
Air Magic      | 1 4 6 8 9 10 | 10.8
Fighting       | 2 5 6 |  6.7
Dodging        | |  2.4
Stealth        | |  2.4

Action                   |  1- 3 |  4- 6 |  7- 9 | 10-12 | 13-15 || total
-------------------------+-------+-------+-------+-------+-------++-------
Melee: Short sword       |       |       |       |     2 |     4 ||     6
 Cast: Magic Dart        |    70 |    54 |    65 |    46 |     4 ||   239
       Searing Ray       |       |    14 |    47 |    37 |     4 ||   102
       Fulminant Prism   |       |       |    10 |    12 |     4 ||    26
       Lightning Bolt    |       |       |       |   185 |    70 ||   255
       Iskenderun's Myst |       |       |       |    22 |    31 ||    53
       Vampiric Draining |       |       |       |     1 |     1 ||     2
Evoke: Wand              |       |       |       |     4 |     4 ||     8
  Use: Scroll            |       |       |       |    14 |     1 ||    15
Armor: Robe              |       |     2 |     3 |     8 |    10 ||    23
Dodge: Dodged            |       |     4 |    31 |    43 |    16 ||    94
